 Dungeon Crawl Stone Soup version 0.28.0-1-gb440e238dd (webtiles) character file.

Game seed: 10971566547067066472

393 sanka the Ducker (level 6, -19/46 HPs)
             Began as a Merfolk Conjurer on Feb 22, 2022.
             Was a Follower of Ru.
             Demolished by an ogre (22 damage)
             ... on level 4 of the Dungeon.
             The game lasted 00:07:26 (5527 turns).

sanka the Ducker (Merfolk Conjurer)                 Turns: 5527, Time: 00:07:27

Health: -19/46     AC:  4    Str:  7    XL:     6   Next: 81%
Magic:  1/9        EV: 14    Int: 18    God:    Ru [*.....]
Gold:   38         SH:  0    Dex: 14    Spells: 6/9 levels left

rFire   . . .      SeeInvis .   a - +1 trident (freeze)
rCold   . . .      Faith    .   (no shield)
rNeg    . . .      Spirit   .   t - +0 robe
rPois   .          Reflect  .   c - +0 helmet
rElec   .          Harm     .   (no cloak)
rCorr   .          Rampage  .   (no gloves)
Will    .....                   s - +0 pair of boots
Stlth   ++........              (no amulet)
HPRegen 0.15/turn               j - ring of wizardry
MPRegen 0.11/turn               (no ring)

@: no status effects
A: unskilled 1, (nimble swimmer 2), mertail
a: Renounce Religion


You were on level 4 of the Dungeon.
You worshipped Ru.
Ru was aware of your devotion.
You visited 1 branch of the dungeon, and saw 4 of its levels.

You collected 168 gold pieces.
You spent 130 gold pieces at shops.

Inventory:

Hand Weapons
 a - a +1 trident of freezing (weapon)
 k - a +0 spear
 r - a +0 dagger of venom
Armour
 c - a +0 helmet (worn)
 s - a +0 pair of boots (worn)
 t - a +0 robe (worn)
Jewellery
 j - a ring of wizardry (left hand)
 o - a ring of ice
Scrolls
 b - a scroll of enchant weapon {unknown}
 d - a scroll of blinking {unknown}
 e - a scroll of brand weapon {unknown}
 f - 2 scrolls of amnesia {unknown}
 g - 2 scrolls of immolation {unknown}
 i - 5 scrolls of identify {unknown}
 n - a scroll of noise {unknown}
Potions
 h - a potion of mutation {unknown}
 l - a potion of attraction {unknown}
 m - 2 potions of brilliance {unknown}
 p - a potion of degeneration {unknown}
 q - 2 potions of haste
 u - a potion of experience {unknown}


   Skills:
 + Level 2.4 Fighting
 * Level 4.4 Polearms
 + Level 4.7 Dodging
 - Level 2.0 Stealth
 - Level 2.0 Spellcasting
 - Level 4.0 Conjurations


You had 6 spell levels left.
You knew the following spells:

 Your Spells              Type           Power      Damage    Failure   Level
a - Magic Dart            Conj           64%        1d6       1%          1
b - Searing Ray           Conj           32%        2d5       2%          2

Your spell library contained the following spells:

 Spells                   Type           Power      Damage    Failure   Level
 Foxfire                  Conj/Fire      36%        2x1d5     3%          1
 Conjure Flame            Conj/Fire      9%         6-21      10%         3
 Dazzling Flash           Conj/Hex       18%        N/A       10%         3
 Blink                    Tloc           2%         N/A       11%         2
 Corpse Rot               Necr/Air       2%         N/A       11%         2
 Inner Flame              Hex/Fire       1%         N/A       21%         3
 Lesser Beckoning         Tloc           1%         N/A       21%         3
 Flame Wave               Conj/Fire      9%         2d5       30%         4
 Fulminant Prism          Conj/Hex       4%         3d6       30%         4
 Iskenderun's Mystic Bla  Conj/Tloc      9%         2d4       30%         4
 Animate Dead             Necr           0%         N/A       54%         4
 Dispel Undead            Necr           1%         3d6       54%         4
 Manifold Assault         Tloc           1%         N/A       86%         5
 Death Channel            Necr           0%         N/A       100%        6
 Haunt                    Necr/Summ      0%         N/A       100%        7
 Infestation              Necr           0%         N/A       100%        8


Dungeon Overview and Level Annotations

Branches:
Dungeon (4/15)
 Temple: D:4-7

Altars:
Nemelex Xobeh
Ru
Trog

Shops:
D:3 !

Annotations:
D:3 2 runed translucent doors, Hasart's ghost, weakling DDFi


Innate Abilities, Weirdness & Mutations

You are somewhat unskilled. (-1 Apt)
((You are very nimble when in or above water. (Stealth+, EV+, Speed+++)))
Your lower body shifts to a powerful aquatic tail in water.


Message History

Ru will take longer to evaluate your readiness.
You see here a hound corpse.
Found a dagger.
Found a stone staircase leading down.
There is a stone staircase leading down here.
An ogre comes into view. It is wielding a +0 giant club.
The ogre shouts!
The magic dart hits the ogre.
The ogre is lightly wounded.
The magic dart hits the ogre.
The ogre is moderately wounded.
The magic dart hits the ogre.
The ogre is moderately wounded.
The magic dart hits the ogre.
The ogre is moderately wounded.
The magic dart hits the ogre.
The ogre is heavily wounded.
The magic dart hits the ogre.
The ogre is heavily wounded.
The ogre hits you with a +0 giant club!
You closely miss the ogre.
The ogre is heavily wounded.
The ogre hits you with a +0 giant club!!
Ouch! That really hurt!
* * * LOW HITPOINT WARNING * * *
You are too injured to fight recklessly!
You are too injured to fight recklessly!
Unknown command.
Casting: Magic Dart (safe; 1% risk of failure)
Confirm with . or Enter, or press ? or * to list all spells.
Aiming: Searing Ray (safe; 2% risk of failure)
Press: ? - help, Shift-Dir - straight line, f/p - ogre
Aim: an ogre, wielding a +0 giant club (heavily wounded, 89% to hit)
The searing ray hits the ogre.
The ogre is severely wounded. (Press . to maintain the ray.)
The searing ray hits the ogre.
The ogre is almost dead.
The ogre hits you with a +0 giant club!!
You die...

######..#.####...##
........#.###.###.##
###..........## ##.#
#.###.#.##..###>##
#.........รท..#.##
#.#####.##....## ###..##
#.###..## ......###.#
#..#######.# .......##.#
#...@O......
........#.####..........
.......##........#####..
......########.###
.###.#.........#
.###.#..#.######
.##(#..###.######.#
.#.###.# ##........
....#..###.######.#


You could see an ogre.

Vanquished Creatures
  A black bear (D:2)
  A scorpion (D:4)
  A water moccasin skeleton (D:2)
  A hound (D:4)
  6 adders
  An adder skeleton (D:4)
  3 worms
  4 dart slugs
  7 orcs
  8 ball pythons
  6 bats
  8 endoplasms
  5 giant cockroaches
  5 goblins
  6 hobgoblins
  10 jackals
  5 kobolds
  6 quokkas
  2 frilled lizards
  6 rats
92 creatures vanquished.

Notes
Turn   | Place    | Note
-------+----------+-------------------------------------------
     0 | D:1      | sanka the Merfolk Conjurer began the quest for the Orb.
     0 | D:1      | Reached XP level 1. HP: 13/13 MP: 3/3
   135 | D:1      | Reached XP level 2. HP: 10/19 MP: 0/5
   275 | D:1      | Learned a level 2 spell: Searing Ray
  1082 | D:1      | Reached XP level 3. HP: 12/24 MP: 1/6
  1335 | D:1      | Found a faded altar of an unknown god.
  1372 | D:1      | Prayed at the altar of an unknown god.
  1372 | D:1      | Became a worshipper of Ru the Awakened
  1377 | D:1      | Gained mutation: You are somewhat unskilled. (-1 Apt) [Ru
                  | sacrifice]
  1377 | D:1      | Reduced skill Spellcasting to level 1
  1377 | D:1      | Reached * piety under Ru
  2450 | D:2      | Reached XP level 4. HP: 30/30 MP: 1/7
  2825 | D:2      | Noticed a black bear
  2829 | D:2      | Killed a black bear
  2830 | D:2      | Reached skill level 1 in Fighting
  2830 | D:2      | Reached skill level 1 in Polearms
  2830 | D:2      | Reached XP level 5. HP: 29/37 MP: 2/8
  3851 | D:3      | Reached XP level 6. HP: 44/44 MP: 7/9
  3879 | D:3      | Found a bloodstained altar of Trog.
  4311 | D:3      | Found a large runed translucent door.
  4311 | D:3      | Found a large runed translucent door.
  4387 | D:3      | Noticed Hasart's ghost (weakling DDFi)
  4564 | D:3      | Found Fohehumoo's Distillery.
  4592 | D:3      | Bought a potion of haste for 130 gold pieces
  5371 | D:4      | Found a sparkling altar of Nemelex Xobeh.
  5527 | D:4      | Demolished by an ogre

Illustrated notes

Levels and vault maps discovered:
D:1:      kennysheep_arrival_seaside, layout_loops_ring,
          hellmonk_ecumenical_altar_slurped_away, chequers_serial_rivers_micro_c
D:2:      kb_forest_paths, layout_basic
D:3:      layout_loops_ring, mainiacjoe_overflow_tiny_flanked, serial_shops,
          nicolae_square_shop, ebering_ghost_disaster_area
D:4:      layout_loops_ring, nicolae_overflow_crystal_walls,
          chequers_temple_overflow_statue_of_worship, grunt_decor_arrowhead,
          uniq_natasha

Skill      XL: |  1  2  3  4  5  6 |
---------------+-------------------+-----
Conjurations   | 4 3 4 |  4.0
Dodging        | 3 3 4 |  4.7
Spellcasting   | 2 |  2.0
Fighting       | 1 2 |  2.4
Polearms       | 1 3 4 |  4.4
Stealth        | |  2.0

Action                   |  1- 3 |  4- 6 || total
-------------------------+-------+-------++-------
Melee: Unarmed           |    71 |       ||    71
       Punch             |     3 |       ||     3
       Spear             |       |    51 ||    51
       Trident           |       |     8 ||     8
 Cast: Magic Dart        |    80 |   128 ||   208
       Searing Ray       |     3 |     6 ||     9
Invok: Sacrifice Skill   |     1 |       ||     1
       Reject Sacrifices |       |     1 ||     1
 Stab: Distracted        |     1 |       ||     1
Armor: Robe              |    25 |    12 ||    37
Dodge: Dodged            |    70 |    43 ||   113
